 Dungeon Sprint DCSS version 0.31-a0-18-gea43df2a32 (webtiles) character file.

Game seed: 16031444000380336615

765 sircluck the Grappler (level 7, -5/120 HPs)
             Began as a Troll Berserker on May 10, 2023.
             Was an Elder of Trog.
             Slain by a boulder beetle (25 damage)
             ... in the Dungeon (Sprint II: "The Violet Keep of Menkaure").
             The game lasted 00:00:49 (635 turns).

sircluck the Grappler (Troll Berserker)              Turns: 635, Time: 00:00:50

Health: -5/120     AC:  4    Str: 28      XL:     7   Next: 52%
Magic:  6/6        EV: 12    Int:  0 (3)  God:    Trog [****..]
Gold:   486        SH:  0    Dex:  9      Spells: 6/6 levels left

rFire   . .          .
                       - Unarmed
rCold   . . .        (no shield)
rNeg    . . .        a - +0 animal skin
rPois   .            (helmet restricted)
rElec   .            (no cloak)
rCorr   .            (gloves unavailable)
SInv    .            (boots unavailable)
Will    .....        (no amulet) Stlth
                     (no ring)
HPRegen 1.20/turn    (no ring)
MPRegen 0.10/turn

%: no teleportation
@: berserking, slowed, lost intelligence, unable to read
A: large, unfitting armour, claws 3, regeneration 1, shaggy fur 1, tough skin 1
a: Renounce Religion, Berserk, Trog's Hand, Brothers in Arms


You were in the Dungeon.
You worshipped Trog.
Trog was greatly pleased with you.
You visited 1 branch You collected 486 gold pieces.

Inventory:

Armour
 a - a +0 animal skin (worn)
Scrolls
 g - a scroll of blinking
Potions
 b - a potion of curing
 c - a potion of heal wounds
 d - a potion of haste
 e - 2 potions of magic
 f - a potion of berserk rage


   Skills:
 + Level 8.3 Fighting
 + Level 8.3 Dodging
 + Level 10.6 Unarmed Combat


You had 6 spell levels left.
You didn't know any spells.
Your spell library was empty.

Dungeon Overview and Level Annotations

Branches:
Dungeon (1/1)

Altars:


Innate Abilities, Weirdness & Mutations

You are too large for most types of armour.
You have claws for hands.
Your natural rate of healing is unusually fast.
You are covered in fur. (AC +1)
You have tough skin. (AC +1)


Message History

The boulder beetle barely misses you.
There are monsters nearby!
There are monsters nearby!
You claw the boulder beetle!
The boulder beetle is moderately wounded.
The boulder beetle bites you.
There are monsters nearby!
You scratch the boulder beetle.
The boulder beetle is moderately wounded.
The boulder beetle bites you but does no damage.
The boulder beetle bites you.
There are monsters nearby!
You scratch the boulder beetle but do no damage.
The boulder beetle is moderately wounded.
The boulder beetle bites you!
You scratch the boulder beetle but do no damage.
The boulder beetle is moderately wounded.
The boulder beetle bites you!
You scratch the boulder beetle but do no damage.
The boulder beetle is moderately wounded.
The boulder beetle bites you!!
You are too injured to fight recklessly!
You are too injured to fight recklessly!
You are too injured to fight recklessly!
You are too injured to fight recklessly!
A red film seems to cover your vision as you go berserk!
You feel yourself moving faster!
You feel mighty! The boulder beetle bites you!!
* * * LOW HITPOINT WARNING * * *
The boulder beetle bites you!
* * * LOW HITPOINT WARNING * * *
You are too injured to fight recklessly!
You are too injured to fight recklessly!
You are too injured to fight recklessly!
You claw the boulder beetle!
The boulder beetle is moderately wounded.
You claw the boulder beetle!
The boulder beetle is heavily wounded.
The boulder beetle bites you!!
You die...

##+# ##..###
#.†##.#
###†#.# #
##.###'# .##
#..###.##B..#
+.##'.<@B#
#.#.##.##$..#
##.###'# .##
####.#.# #
#.. ..# ##.
.## ## ##


You could see 2 boulder beetles.

Vanquished Creatures
  4 neqoxecs (D)
  4 necrophages (D)
  3 worms (D)
11 creatures vanquished.

Vanquished Creatures (others)
  A water moccasin (D)
1 creature vanquished.

Grand Total: 12 creatures vanquished

Notes
Turn   | Place    | Note
-------+----------+-------------------------------------------
     0 | D        | sircluck the Troll Berserker began the quest for the Orb.
     0 | D        | Reached XP level 1. HP: 22/22 MP: 0/0
     5 | D        | Noticed a boulder beetle
     5 | D        | Noticed a boulder beetle
     9 | D        | Noticed a necrophage
     9 | D        | Noticed a necrophage
     9 | D        | Noticed a necrophage
     9 | D        | Noticed a necrophage
    15 | D        | Killed a necrophage
    16 | D        | Reached skill level 5 in Unarmed Combat
    16 | D        | Reached XP level 2. HP: 33/33 MP: 1/1
    16 | D        | Reached XP level 3. HP: 40/40 MP: 2/2
    17 | D        | Killed a necrophage
    18 | D        | Reached skill level 5 in Fighting
    18 | D        | Reached skill level 5 in Dodging
    18 | D        | Reached skill level 6 in Unarmed Combat
    18 | D        | Reached XP level 4. HP: 50/50 MP: 3/3
    20 | D        | Killed a necrophage
    20 | D        | Reached ** piety under Trog
    21 | D        | Reached skill level 7 in Unarmed Combat
    21 | D        | Reached XP level 5. HP: 59/59 MP: 4/4
    53 | D        | Noticed a neqoxec
    53 | D        | Noticed a neqoxec
    56 | D        | Noticed a neqoxec
    60 | D        | Killed a neqoxec
    61 | D        | Reached skill level 8 in Unarmed Combat
    61 | D        | Reached XP level 6. HP: 71/71 MP: 5/5
    65 | D        | Killed a neqoxec
    66 | D        | Reached skill level 9 in Unarmed Combat
    70 | D        | Killed a neqoxec
    70 | D        | Reached *** piety under Trog
    71 | D        | Reached skill level 10 in Unarmed Combat
    71 | D        | Reached XP level 7. HP: 79/79 MP: 6/6
    73 | D        | Noticed a neqoxec
    74 | D        | Lost intelligence.
    86 | D        | Killed a neqoxec
   613 | D        | Reached **** piety under Trog
   635 | D        | Slain by a boulder beetle

Illustrated notes

Levels and vault maps discovered:
D:        the_violet_keep_of_menkaure [sprint2_stairs_cluster_1,
          sprint2_shoproom, sprint2_temple, sprint2_basic_supplies,
          sprint2_obstacle_6, sprint2_obstacle_7, sprint2_obstacle_4,
          sprint2_obstacle_2, sprint2_obstacle_1, sprint2_timed_cluster_1,
          sprint2_smallroom_cluster_1, sprint2_smallroom_final_cluster_1,
          sprint2_transparent_cluster_1, sprint2_second_timed_cluster_1,
          sprint2_sniper_area_1, sprint2_heavy_combat_area_1,
          sprint2_mutation_trap_area_1, sprint2_forest_area_1,
          sprint2_light_combat_area_1, sprint2_behind_water_1,
          sprint2_near_end_vault_1]

Skill      XL: |  1  2  3  4  5  6  7 |
---------------+----------------------+-----
Fighting       | 4 5 7 8 |  8.3
Dodging        | 4 5 7 8 |  8.3
Unarmed Combat | 5 6 7 8 10 | 10.6

Action                     |  1- 3 |  4- 6 |  7- 9 || total
---------------------------+-------+-------+-------++-------
  Melee: Unarmed           |     5 |    20 |    23 ||    48
         Punch             |       |     2 |     2 ||     4
 Invoke: Berserk           |     1 |     1 |     1 ||     3
 Armour: Animal skin       |     2 |     1 |     2 ||     5
  Dodge: Dodged            |     1 |     2 |     5 ||     8

Table legend: (Time is in decaauts)
 A = Elapsed time spent in this place.
 B = Non-inter-level travel time spent in this place.
 C = Inter-level travel time spent in this place.
 D = Time resting spent in this place.
 E = Time spent auto-exploring this place.
 F = Levels seen in this place.
 G = Mean time per level.
                   A        B        C        D        E       F      G
               +--------+--------+--------+--------+--------+-----+--------+
         Total |    905 |    890 |     15 |    804 |     16 |   1 |  905.0 |
       Dungeon |    905 |    890 |     15 |    804 |     16 |   1 |  905.0 |
               +--------+--------+--------+--------+--------+-----+--------+

Top non-repeatable levels by time:
       D: 905 daAuts
